 Dungeon Crawl Stone Soup version 0.28-a0-1152-g9c71ebef14 (webtiles) character file.

Game seed: 16472806568791309475

230521 jt the Slayer (level 19, -19/202 HPs)
             Began as a Hill Orc Fighter on Dec 14, 2021.
             Was an Initiate of Yredelemnul.
             Demolished by a yaktaur captain (24 damage)
             ... on level 1 of the Vaults on Dec 16, 2021.
             The game lasted 02:18:17 (38984 turns).

jt the Slayer (Hill Orc Fighter)                   Turns: 38984, Time: 02:18:20

Health: -19/202    AC: 21    Str: 30    XL:     19   Next: 2%
Magic:  33/33      EV: 11    Int: 14    God:    Yredelemnul [......]
Gold:   2031       SH: 10    Dex: 10    Spells: 16/18 levels left

rFire   + + .      SeeInvis .   a - +3 broad axe (flame)
rCold   + . .      Faith    +   R - +0 kite shield
rNeg    . . .      Spirit   .   L - +3 ring mail of Tartarus {Rampage *Slow Int+4 Slay+6}
rPois   +          Reflect  .   B - +0 helmet "Moluwes" {rF+ rCorr Str+3 Int-2}
rElec   .          Harm     .   v - +2 cloak {Will+}
rCorr   +          Rampage  +   D - +0 pair of gloves "Gontor" {Drain rF+ Int+4}
Will    ++...                   d - +1 pair of boots
Stlth   ..........              e - amulet of faith
HPRegen 0.43/turn               M - ring of poison resistance
MPRegen 0.23/turn               g - ring of protection from cold

@: no status effects
A: no striking features
}: 2/15 runes: decaying, gossamer
a: Renounce Religion, Recall Undead Harvest


You were on level 1 of the Vaults.
You worshipped Yredelemnul.
Yredelemnul was greatly pleased with you.
You visited 6 branches of the dungeon, and saw 32 of its levels.

You collected 3449 gold pieces.
You spent 1418 gold pieces at shops.

Inventory:

Hand Weapons
 a - a +3 broad axe of flaming (weapon)
 y - a +2 broad axe of protection
 z - a +2 trident of freezing
 A - the +11 scimitar of Gytesiy {drain, rC+ Will++ Str-2}
   (You found it on level 5 of the Dungeon)

   A truly terrible weapon, it drains the life of any living foe it strikes.
   Str:       It affects your strength (-2).
   rC:        It protects you from cold.
   Will:      It greatly increases your willpower.
Missiles
 o - 119 poisoned darts (quivered)
 w - 11 throwing nets
 O - 6 silver javelins
 X - 2 curare-tipped darts
Armour
 b - the +6 plate armour of the Devil's Advocate {Will+}
   (You found it on level 14 of the Dungeon)

   Will:      It increases your willpower.
 d - a +1 pair of boots (worn)
 m - the +0 plate armour of Oxanwarch {rElec Str+2 Dex-4}
   (You found it on level 14 of the Dungeon)

   Str:       It affects your strength (+2).
   Dex:       It affects your dexterity (-4).
   rElec:     It insulates you from electricity.
 v - a +2 cloak of willpower (worn)
 B - the +0 helmet "Moluwes" (worn) {rF+ rCorr Str+3 Int-2}
   (You bought it in a shop on level 1 of the Orcish Mines)

   Str:       It affects your strength (+3).
   Int:       It affects your intelligence (-2).
   rF:        It protects you from fire.
   rCorr:     It protects you from acid and corrosion.
 D - the +0 pair of gloves "Gontor" (worn) {Drain rF+ Int+4}
   (You acquired it on level 11 of the Dungeon)

   Int:       It affects your intelligence (+4).
   rF:        It protects you from fire.
   Drain:     It drains your maximum health when unequipped.
 L - the +3 ring mail of Tartarus (worn) {Rampage *Slow Int+4 Slay+6}
   (You found it on level 9 of the Dungeon)

   Int:       It affects your intelligence (+4).
   Slay:      It affects your accuracy & damage with ranged weapons and melee
   (+6).
   *Slow:     It may slow you when you take damage.
   Rampage:   It bestows one free step when moving towards enemies.
 R - a +0 kite shield (worn)
Jewellery
 c - a ring of protection from fire
 e - an amulet of faith (around neck)
 g - a ring of protection from cold (right hand)
 s - a ring of positive energy
 M - a ring of poison resistance (left hand)
 P - a +4 ring of protection
 T - a ring of flight
Wands
 f - a wand of paralysis (4)
 n - a wand of iceblast (12)
 q - a wand of mindburst (34)
 t - a wand of digging (3)
 u - a wand of polymorph (23)
 H - a wand of flame (54)
 U - a wand of charming (12)
Scrolls
 h - 4 scrolls of fear
 l - 8 scrolls of magic mapping
 p - 7 scrolls of teleportation
 r - a scroll of silence
 E - a scroll of immolation
 F - 11 scrolls of identify
 J - 7 scrolls of vulnerability
 V - 7 scrolls of fog
 Z - 2 scrolls of summoning
Potions
 i - 6 potions of heal wounds
 j - 5 potions of haste
 C - 11 potions of curing
 I - 2 potions of cancellation
 N - 2 potions of berserk rage
 Q - 10 potions of ambrosia
 S - 4 potions of invisibility
 Y - 3 potions of might
Miscellaneous
 k - a phantom mirror
 x - a phial of floods
 G - a lightning rod (4/4)
 K - a box of beasts


   Skills:
 + Level 25.2 Fighting
 - Level 18.0 Axes
 - Level 6.0 Throwing
 - Level 15.6 Armour
 - Level 5.0 Dodging
 + Level 9.7 Shields
 + Level 20.7 Invocations
 - Level 8.0 Evocations


You had 16 spell levels left.
You knew the following spells:

 Your Spells              Type           Power      Damage    Failure   Level
a - Passwall              Tmut/Erth      0%         N/A       73%         2

Your spell library contained the following spells:

 Spells                   Type           Power      Damage    Failure   Level
 Animate Skeleton         Necr           0%         N/A       58%         1
 Apportation              Tloc           0%         N/A       58%         1
 Foxfire                  Conj/Fire      0%         2x1d4     58%         1
 Pain                     Necr           0%         1d4       58%         1
 Slow                     Hex            0%         N/A       58%         1
 Sting                    Tmut/Pois      0%         1d3       58%         1
 Summon Small Mammal      Summ           0%         N/A       58%         1
 Blink                    Tloc           0%         N/A       73%         2
 Sublimation of Blood     Necr           0%         N/A       73%         2
 Wereblood                Tmut           0%         N/A       73%         2
 Confusing Touch          Hex            0%         N/A       91%         3
 Conjure Flame            Conj/Fire      0%         6-21      91%         3
 Inner Flame              Hex/Fire       0%         N/A       91%         3
 Lesser Beckoning         Tloc           0%         N/A       91%         3
 Summon Guardian Golem    Hex/Summ       0%         N/A       91%         3
 Swiftness                Air            0%         N/A       91%         3
 Vampiric Draining        Necr           0%         2d6       91%         3
 Flame Wave               Conj/Fire      0%         2d4       100%        4
 Petrify                  Tmut/Erth      0%         N/A       100%        4
 Summon Lightning Spire   Summ/Air       0%         N/A       100%        4
 Fireball                 Conj/Fire      0%         3d3       100%        5
 Manifold Assault         Tloc           0%         N/A       100%        5
 Summon Forest            Summ/Tloc      0%         N/A       100%        5
 Summon Mana Viper        Hex/Summ       0%         N/A       100%        5
 Starburst                Conj/Fire      0%         6d3       100%        6
 Statue Form              Tmut/Erth      0%         N/A       100%        6
 Summon Cactus Giant      Summ           0%         N/A       100%        6
 Orb of Destruction       Conj           0%         N/A       100%        7
 Spellforged Servitor     Conj/Summ      0%         N/A       100%        7
 Storm Form               Tmut/Air       0%         N/A       100%        7
 Summon Hydra             Summ           0%         N/A       100%        7
 Ignition                 Fire           0%         3d3       100%        8
 Maxwell's Capacitive Co  Air            0%         ∞         100%        8
 Necromutation            Tmut/Necr      0%         N/A       100%        8


Dungeon Overview and Level Annotations

Branches:
Dungeon (15/15)            Temple (0/1) D:4            Lair (6/6) D:9
  Swamp (4/4) Lair:2       Spider (4/4) Lair:2          Orc (2/2) D:10
    Elf (0/3) Orc:2        Vaults (1/5) D:14         Depths (0/4) D:15
  Slime: Lair:5-6

Altars:
Elyvilon
Fedhas
Nemelex Xobeh
Ru
Vehumet
Xom
Yredelemnul

Shops:
D:4 *   D:11 *   Orc:1 [   Orc:2 !=**

Portals:
Trove: D:13 (give +5 ice dragon scales)

Annotations:
Lair:6 exclusion: 2 oklob plants
Swamp:3 1 runed translucent door, NigelTetley's ghost, adept DECj


Message History

The vault guard hits your ugly thing zombie with a +0 great sword!!
The ironbound convoker hits your vault warden zombie with a +0 morningstar!!
Your vault warden zombie is destroyed!
You can no longer drain ambient life force.
You slash the vault guard! You burn the vault guard.
The vault guard is almost dead.
Your ugly thing zombie hits the vault guard but does no damage.
The vault guard hits you with a +0 long sword.
The vault guard barely misses your ugly thing zombie. x2
You slash the vault guard! You burn the vault guard.
You kill the vault guard!
The yaktaur captain drinks a potion.
The yaktaur captain goes berserk!
The vault guard hits your ugly thing zombie with a +0 great sword!!
Your ugly thing zombie is destroyed!
Unknown command.
You rampage towards the vault warden!
You slash the vault warden! You burn the vault warden.
The vault warden is heavily wounded.
You slice the yaktaur captain!! You burn the yaktaur captain!
You barely miss the vault guard. You slice the vault guard!!
You burn the vault guard. You block the yaktaur captain's attack.
The vault warden unwields a +0 arbalest.
The vault warden wields a +1 halberd of protection.
The vault warden hits you with a +1 halberd of protection!!
The vault guard barely misses you.
Unknown command.
You closely miss the vault guard.
The vault guard is heavily wounded.
You slash the vault guard! You burn the vault guard.
You closely miss the vault warden. You slash the yaktaur captain!
You burn the yaktaur captain.
The yaktaur captain hits you with a +0 short sword!!
* * * LOW HITPOINT WARNING * * *
The vault guard hits you with a +0 long sword!
* * * LOW HITPOINT WARNING * * *
The vault warden hits you with a +1 halberd of protection!!
* * * LOW HITPOINT WARNING * * *
The yaktaur captain hits you with a +0 short sword!!
You die...
Your body rises from the dead as a mindless zombie.

## ##. ##.. ##...
######## ##...#
#......###...##
########......##...##
#......+Z.....'...##
#..pc@p#...>..##...##
#...ppp#......###...##
#...cec#>.....# ##...#
#......#......# ##...
#......######## ##..
#......# ##. #......#
## ########


You could see a vault warden, a yaktaur captain (berserk), 2 vault guards, a
vault sentinel, a deep elf high priest, an ironbound convoker and 2 yaktaurs.

Vanquished Creatures
  Nikola (Spider:3)
  Arachne (Spider:3)
  Mlioglotl (Swamp:1)
  A tengu reaver (Vaults:1)
  Roxanne (Spider:4)
  2 frost giants
  A nagaraja (Vaults:1)
  A ghost moth (Spider:4)
  Louise (Spider:2)
  4 vault wardens (Vaults:1)
  An orc warlord (Orc:2)
  3 emperor scorpions
  An ironbound preserver (Vaults:1)
  A deep elf demonologist (Vaults:1)
  An ironbound thunderhulk (Vaults:1)
  2 eleionomae
  A deep elf annihilator (Vaults:1)
  3 bunyips
  3 spark wasps
  2 shambling mangroves
  A fire dragon (D:14)
  A yaktaur captain (Vaults:1)
  A great orb of eyes (D:14)
  15 hydras
  Erolcha (Orc:2)
  Harold (Orc:1)
  A ghost crab (Swamp:3)
  12 vault guards
  The ghost of mcbry74 the Cleaver, a journeyman HOFi of Beogh (Orc:1)
  5 centaur warriors
  4 boulder beetles
  2 death knights
  A catoblepas (Lair:6)
  2 ironbound frosthearts (Vaults:1)
  8 alligators
  2 two-headed ogres
  2 tengu warriors (D:15)
  A dancing weapon (Orc:1)
  A deep troll shaman (Lair:6)
  8 death yaks
  3 orc high priests (Orc:2)
  4 skeletal warriors (D:13)
  6 goliath frogs
  5 spriggan riders
  A swamp dragon (shapeshifter) (D:14)
  6 swamp dragons
  3 bog bodies
  A lindwurm (Lair:4)
  3 wizards
  5 orc knights
  10 ugly things
  8 orc sorcerers
  A phantasmal warrior (D:13)
  A deep elf pyromancer (D:14)
  4 oklob plants
  4 orb spiders
  15 wolf spiders
  4 cyclopes
  A moth of wrath (shapeshifter) (D:14)
  2 moths of wrath
  3 manticores
  Maurice (D:11)
  3 centaur zombies
  12 elephants
  3 black mambas
  A vault sentinel (Vaults:1)
  Maggie (D:8)
  8 cane toads
  3 gargoyles
  A yaktaur zombie (Vaults:1)
  3 unseen horrors
  A kobold demonologist (D:11)
  6 yaktaurs
  10 komodo dragons
  2 freezing wraiths
  13 jumping spiders
  A queen bee (D:13)
  5 demonic crawlers
  4 trolls
  3 tengu conjurers
  2 polar bears
  A troll (shapeshifter) (D:13)
  6 tyrant leeches
  7 hornets
  5 blink frogs
  2 spectral orcs (Orc:1)
  3 slime creatures
  2 wyverns
  3 water elementals (D:15)
  A shadow (D:12)
  36 redbacks
  4 spriggans
  Sigmund (D:2)
  17 tarantellas
  2 wraiths (D:13)
  4 fire elementals (D:13)
  18 vampire mosquitoes
  A steam dragon (D:7)
  39 yaks
  4 basilisks
  5 wargs
  12 swamp worms
  4 hell hounds (D:13)
  13 water moccasins
  25 orc warriors
  3 swamp drakes (Swamp:4)
  2 ice beasts (D:7)
  2 black bears (Lair:6)
  2 necrophages
  2 ogres (Orc:1)
  13 centaurs
  A boggart (D:14)
  18 wolves
  A phantom (D:4)
  2 kobold brigands
  A human zombie (Vaults:1)
  6 bullfrogs
  5 scorpions
  2 gnoll sergeants
  A spectral warg (Orc:1)
  A water moccasin zombie (D:5)
  A warg zombie (Orc:1)
  19 killer bees (D:13)
  3 howler monkeys
  4 wights (D:5)
  5 electric eels
  3 hounds
  3 jellies
  3 iguanas
  18 orc priests
  A gnoll shaman (D:6)
  A bullfrog skeleton (D:5)
  Ijyb (D:4)
  36 orc wizards
  A killer bee zombie (D:8)
  An ogre zombie (Orc:1)
  A hound skeleton (D:5)
  14 gnolls
  4 adders
  A white imp (D:5)
  An adder skeleton (D:5)
  3 worms
  3 dart slugs
  88 orcs
  6 ball pythons
  2 bats
  8 endoplasms
  3 giant cockroaches
  9 goblins
  9 hobgoblins
  2 jackals (D:2)
  21 kobolds
  3 quokkas (D:1)
  3 frilled lizards
  An orc zombie (Orc:1)
  10 rats
  A fungus (Swamp:3)
845 creatures vanquished.

Vanquished Creatures (collateral kills)
  2 ghost moths (Spider:4)
  An emperor scorpion (Spider:4)
  Azrael (D:13)
  An entropy weaver (Vaults:1)
  Fannar (Lair:1)
  An ironbound frostheart (Vaults:1)
  7 hydras
  A catoblepas (Lair:5)
  A centaur warrior (D:14)
  A boulder beetle (D:13)
  2 alligators
  A death yak (Lair:6)
  A fire crab (Lair:5)
  A goliath frog (Swamp:2)
  A spriggan rider (Swamp:1)
  A spriggan druid (Swamp:4)
  A necromancer (Vaults:1)
  4 swamp dragons
  An ironbound convoker (Vaults:1)
  A wizard (Vaults:1)
  An orc knight (Orc:2)
  2 deep elf pyromancers
  An oklob plant (D:13)
  An ugly thing (Vaults:1)
  13 wolf spiders
  13 orb spiders
  A manticore (D:13)
  A will-o-the-wisp (Swamp:4)
  A moth of wrath (Spider:4)
  4 black mambas
  An elephant (Lair:6)
  A frost giant skeleton (Vaults:1)
  A cyclops (D:13)
  A vault sentinel (Vaults:1)
  2 torpor snails
  A rime drake (Lair:5)
  An efreet (D:13)
  3 cane toads
  2 komodo dragons
  5 demonic crawlers
  A tengu conjurer (D:13)
  A yaktaur skeleton (Vaults:1)
  12 jumping spiders
  4 meliai
  A troll (D:12)
  5 hornets
  3 polar bears
  3 blink frogs
  A tyrant leech (Swamp:3)
  An ettin zombie (Vaults:1)
  A tarantella zombie (Spider:4)
  4 slime creatures
  6 dream sheep
  A stone giant simulacrum (Vaults:1)
  A spriggan (Swamp:4)
  10 tarantellas
  12 yaks
  14 redbacks
  3 basilisks
  4 vampire mosquitoes
  Menkaure (D:4)
  3 swamp worms
  An acid dragon (D:8)
  A water moccasin (Lair:6)
  Duvessa (D:7)
  5 swamp drakes (Swamp:4)
  3 orc warriors
  2 ogres
  2 wolves
  An orc zombie (Orc:1)
  3 centaurs
  A bullfrog (Lair:2)
  A gnoll sergeant (D:13)
  A scorpion (D:5)
  Dowan (D:7)
  17 killer bees (D:13)
  An electric eel (Lair:6)
  A howler monkey (D:9)
  A bullfrog zombie (D:5)
  A bullfrog skeleton (D:6)
  2 hounds (D:9)
  An orc priest (D:10)
  A centaur skeleton (D:6)
  3 gnolls (D:13)
  An adder (D:6)
  An ufetubus (D:7)
  A dart slug (D:4)
  8 orcs
  2 ball pythons
  A bush (Lair:6)
244 creatures vanquished.

Vanquished Creatures (others)
  A spectral emperor scorpion (Spider:4)
  A spectral spriggan (Vaults:1)
  A bunyip zombie (Swamp:4)
  3 wolf spider zombies
  2 ugly thing zombies (Vaults:1)
  A manticore (D:13)
  3 spectral slime creatures (Vaults:1)
  An emperor scorpion zombie (Spider:4)
  11 redback zombies
  2 demonic crawler zombies (Spider:3)
  A hydra zombie (Swamp:4)
  4 bloated husks
  A deep troll zombie (Lair:6)
  7 jumping spider zombies (Spider:4)
  6 human zombies (Vaults:1)
  2 tarantella zombies
  2 meliai zombies (D:13)
  A boulder beetle zombie (D:13)
  An elf zombie (Vaults:1)
  A spectral cane toad (Orc:2)
  A black mamba zombie (Lair:6)
  A tyrant leech zombie (Swamp:4)
  3 spriggan zombies
  A vampire mosquito (Spider:3)
  A cane toad zombie (Lair:6)
  3 orb spider zombies
  A hornet zombie (Swamp:3)
  An elephant zombie (Lair:4)
  2 manticore zombies (D:13)
  3 blink frog zombies (Lair:4)
  8 vampire mosquito zombies
  A cyclops zombie (D:14)
  3 yaktaur zombies (Vaults:1)
  3 hell hound zombies (D:13)
  3 water moccasin zombies
  2 tengu zombies (D:13)
  3 yak zombies
  2 killer bees (D:13)
  A spectral ice beast (D:7)
  3 troll zombies
  6 wolf zombies
  6 centaur zombies (D:13)
  A bullfrog zombie (Lair:5)
  A basilisk zombie (Lair:6)
  A spectral boggart (D:14)
  A scorpion zombie (D:7)
  24 killer bee zombies (D:13)
  A howler monkey zombie (D:9)
  A spectral jelly (D:7)
  A steam dragon zombie (D:7)
  2 gnoll zombies
  A ball python zombie (D:4)
  A giant cockroach zombie (D:4)
  2 kobold zombies (D:7)
  46 orc zombies
  9 foxfires (Swamp:4)
  81 fungi
  166 plants
  2 starspawn tentacles (Swamp:1)
  2 withered plants (Swamp:3)
453 creatures vanquished.

Grand Total: 1542 creatures vanquished

Notes
Turn   | Place    | Note
-------+----------+-------------------------------------------
     0 | D:1      | jt the Hill Orc Fighter began the quest for the Orb.
     0 | D:1      | Reached XP level 1. HP: 19/19 MP: 1/1
    89 | D:1      | Reached XP level 2. HP: 18/26 MP: 2/2
  1277 | D:2      | Reached XP level 3. HP: 31/31 MP: 3/3
  1902 | D:2      | Reached XP level 4. HP: 39/39 MP: 4/4
  1952 | D:2      | Reached skill level 5 in Axes
  2424 | D:2      | Noticed Sigmund
  2438 | D:2      | Killed Sigmund
  2439 | D:2      | Reached XP level 5. HP: 37/45 MP: 5/5
  2439 | D:2      | Reached XP level 6. HP: 42/51 MP: 6/6
  2644 | D:2      | Found a faded altar of an unknown god.
  3071 | D:3      | You fall into a shaft and drop 3 floors!
  3071 | D:6      | Found a shimmering altar of Xom.
  3224 | D:6      | Found a blossoming altar of Fedhas.
  3293 | D:6      | Found a basalt altar of Yredelemnul.
  3301 | D:6      | Became a worshipper of Yredelemnul the Dark
  3603 | D:6      | Reached * piety under Yredelemnul
  3603 | D:6      | Reached XP level 7. HP: 57/57 MP: 7/7
  3870 | D:5      | Entered Level 5 of the Dungeon
  3924 | D:5      | Reached skill level 10 in Axes
  4170 | D:5      | Identified the +11 scimitar of Gytesiy {drain, rC+ Will++
                  | Str-2}
  4191 | D:5      | Reached XP level 8. HP: 60/64 MP: 8/8
  4237 | D:5      | Reached ** piety under Yredelemnul
  4723 | D:4      | Found Yfieggi's Mayhem Merchandise.
  4732 | D:4      | Bought a wand of iceblast (11) for 150 gold pieces
  4822 | D:4      | Found a staircase to the Ecumenical Temple.
  4871 | D:4      | Noticed Menkaure
  4884 | D:4      | Killed Menkaure
  5242 | D:4      | Noticed Ijyb
  5249 | D:4      | Killed Ijyb
  5250 | D:4      | Reached XP level 9. HP: 70/70 MP: 9/9
  5575 | D:4      | Found a radiant altar of Vehumet.
  5583 | D:4      | Reached skill level 4 in Fighting
  5593 | D:4      | Reached *** piety under Yredelemnul
  6408 | D:7      | Noticed Duvessa
  6423 | D:7      | Killed Duvessa
  6423 | D:7      | Noticed Dowan
  6424 | D:7      | Reached skill level 15 in Axes
  6441 | D:7      | Killed Dowan
  6644 | D:7      | Found a white marble altar of Elyvilon.
  7207 | D:4      | Bought a +1 broad axe of flaming for 142 gold pieces
  7335 | D:8      | Reached skill level 5 in Fighting
  7395 | D:8      | Reached skill level 6 in Fighting
  7395 | D:8      | Reached XP level 10. HP: 39/83 MP: 10/10
  7836 | D:8      | Identified the +9 morningstar "Guxaplao" {distort, *Slow
                  | rC+ Int+2}
  7910 | D:8      | Noticed Maggie
  8142 | D:9      | Identified the +3 ring mail of Tartarus {Rampage *Slow
                  | Int+4 Slay+6}
  8156 | D:9      | Found a staircase to the Lair.
  8167 | D:9      | Reached skill level 7 in Fighting
  8232 | D:9      | Reached skill level 9 in Fighting
  8344 | D:9      | Reached skill level 1 in Invocations
  8526 | D:9      | Reached skill level 10 in Fighting
  8532 | D:9      | Reached skill level 11 in Fighting
  8538 | D:9      | Reached **** piety under Yredelemnul
  8544 | D:9      | Reached ***** piety under Yredelemnul
  8781 | Lair:1   | Entered Level 1 of the Lair of Beasts
  8796 | Lair:1   | Reached skill level 12 in Fighting
  8801 | Lair:1   | Reached skill level 13 in Fighting
  8806 | Lair:1   | Reached XP level 11. HP: 87/107 MP: 10/12
  8808 | Lair:1   | Reached skill level 14 in Fighting
  8919 | Lair:1   | You fall into a shaft and drop 1 floor!
  9242 | Lair:1   | Reached skill level 15 in Fighting
  9556 | Lair:1   | Reached skill level 16 in Fighting
  9786 | Lair:1   | Noticed a seven-headed hydra
  9792 | Lair:1   | Noticed a five-headed hydra
  9792 | Lair:1   | Killed a five-headed hydra
  9799 | Lair:1   | Killed a four-headed hydra
  9871 | Lair:1   | Noticed Fannar
  9887 | Lair:1   | Killed Fannar
  9888 | Lair:1   | Reached skill level 17 in Fighting
  9977 | Lair:1   | Reached ****** piety under Yredelemnul
 10333 | Lair:2   | Reached XP level 12. HP: 70/127 MP: 14/14
 10336 | Lair:2   | Reached skill level 18 in Fighting
 10517 | Lair:2   | Found a hole to the Spider Nest.
 10656 | Lair:2   | Found a staircase to the Swamp.
 10757 | Lair:2   | Identified a scroll of acquirement
 10758 | Lair:2   | Acquired a manual of Armour
 11517 | Lair:3   | Noticed Sonja
 11519 | Lair:3   | Noticed Sonja
 11519 | Lair:3   | Sonja changed into Sonja the ogre
 11526 | Lair:3   | Killed Sonja the ogre
 11679 | Lair:3   | Reached skill level 1 in Evocations
 12090 | Lair:4   | Reached skill level 5 in Armour
 12095 | Lair:4   | Noticed a four-headed hydra
 12101 | Lair:4   | Killed a two-headed hydra
 12112 | Lair:4   | Reached skill level 5 in Invocations
 12147 | Lair:4   | Noticed a seven-headed hydra
 12156 | Lair:4   | Killed a four-headed hydra
 13017 | Lair:4   | Found a blossoming altar of Fedhas.
 13177 | Lair:5   | Reached skill level 19 in Fighting
 13195 | Lair:5   | Reached XP level 13. HP: 112/137 MP: 18/18
 13587 | Lair:5   | Reached skill level 5 in Evocations
 14283 | Lair:5   | Reached skill level 10 in Armour
 14358 | Lair:6   | Entered Level 6 of the Lair of Beasts
 15043 | Lair:6   | Reached skill level 10 in Invocations
 15407 | Lair:6   | Reached skill level 20 in Fighting
 15641 | Lair:6   | Reached XP level 14. HP: 145/148 MP: 22/22
 16286 | D:10     | Entered Level 10 of the Dungeon
 16331 | D:10     | Found a sacrificial altar of Ru.
 16466 | D:10     | Found a staircase to the Orcish Mines.
 17061 | Orc:1    | Entered Level 1 of the Orcish Mines
 17077 | Orc:1    | Noticed Harold
 17088 | Orc:1    | Killed Harold
 17619 | Orc:1    | Found Johuz's Antique Armour Shoppe.
 17648 | Orc:1    | Bought a scorched helmet for 285 gold pieces
 17648 | Orc:1    | Identified the +0 helmet "Moluwes" {rF+ rCorr Str+3 Int-2}
                  | (You bought it in a shop on level 1 of the Orcish Mines)
 17757 | Orc:1    | Found a runed translucent door.
 17757 | Orc:1    | Found a shimmering altar of Xom.
 17757 | Orc:1    | Noticed mcbry74's ghost (journeyman HOFi)
 17773 | Orc:1    | Killed mcbry74's ghost
 17943 | Orc:2    | Entered Level 2 of the Orcish Mines
 17957 | Orc:2    | Noticed an orc warlord
 18407 | Orc:2    | Found a staircase to the Elven Halls.
 18488 | Orc:2    | Noticed Erolcha
 18500 | Orc:2    | Killed Erolcha
 18535 | Orc:2    | Reached skill level 21 in Fighting
 18622 | Orc:2    | Killed an orc warlord
 19165 | Orc:2    | Reached XP level 15. HP: 73/158 MP: 16/25
 19172 | Orc:2    | Reached skill level 15 in Armour
 19471 | Orc:2    | Found Puhempi's Distillery.
 19471 | Orc:2    | Found Noosuik's Assorted Antiques.
 19478 | Orc:2    | Found Loakhic's General Store.
 19478 | Orc:2    | Found Niostrodd's Jewellery Shop.
 19484 | Orc:2    | Bought a brass wand for 156 gold pieces
 19486 | Orc:2    | Bought a potion of heal wounds for 70 gold pieces
 19489 | Orc:2    | Bought a potion of heal wounds for 70 gold pieces
 19489 | Orc:2    | Bought a potion of curing for 42 gold pieces
 19489 | Orc:2    | Bought a potion of curing for 42 gold pieces
 19808 | D:11     | Noticed Maurice
 19812 | D:11     | Killed Maurice
 19870 | D:11     | Found Wose's General Store.
 19880 | D:11     | Bought a +1 cloak of willpower for 181 gold pieces
 19896 | D:11     | Acquired the +0 pair of gloves "Gontor" {Drain rF+ Int+4}
 20823 | D:8      | Killed Maggie
 21239 | D:8      | Learned a level 2 spell: Passwall
 21470 | Spider:1 | Entered Level 1 of the Spider Nest
 21607 | Orc:2    | Bought a ring of poison resistance for 280 gold pieces
 21827 | Spider:1 | Noticed an emperor scorpion
 21840 | Spider:1 | Killed an emperor scorpion
 21873 | Spider:1 | Noticed an emperor scorpion
 21881 | Spider:1 | Killed an emperor scorpion
 21881 | Spider:1 | Enslaved an emperor scorpion
 21886 | Spider:1 | Reached skill level 1 in Throwing
 22475 | Spider:2 | Noticed Louise
 22503 | Spider:2 | Killed Louise
 23387 | Spider:3 | Noticed Nikola
 23410 | Spider:3 | Killed Nikola
 23719 | Spider:3 | Noticed Arachne
 23725 | Spider:3 | Killed Arachne
 23726 | Spider:3 | Reached skill level 1 in Dodging
 24150 | Spider:3 | Noticed an emperor scorpion
 24159 | Spider:3 | Killed an emperor scorpion
 24406 | Spider:3 | Reached skill level 5 in Shields
 24464 | Spider:3 | Reached XP level 16. HP: 168/168 MP: 27/27
 24820 | Spider:4 | Entered Level 4 of the Spider Nest
 24827 | Spider:4 | Reached skill level 15 in Invocations
 24923 | Spider:4 | Identified Roxanne's Volume of Transformation
 24923 | Spider:4 | Noticed Roxanne
 24978 | Spider:4 | Reached skill level 22 in Fighting
 26694 | Spider:4 | Reached skill level 5 in Throwing
 26711 | Spider:4 | Got a gossamer rune of Zot
 26797 | Spider:4 | Killed Roxanne
 27057 | Swamp:1  | Entered Level 1 of the Swamp
 27550 | Swamp:1  | Noticed Mlioglotl
 27559 | Swamp:1  | Noticed a tentacled starspawn
 27562 | Swamp:1  | Killed Mlioglotl
 28190 | Swamp:2  | Identified the +1 spear "Alun Haliu" {spect, Int+4}
 28222 | Swamp:2  | Reached XP level 17. HP: 148/178 MP: 29/29
 29398 | Swamp:3  | Reached skill level 5 in Dodging
 29814 | Swamp:3  | Found a runed translucent door.
 29814 | Swamp:3  | Noticed NigelTetley's ghost (adept DECj)
 30140 | Swamp:4  | Entered Level 4 of the Swamp
 30247 | Swamp:4  | Reached skill level 23 in Fighting
 31069 | Swamp:4  | Got a decaying rune of Zot
 32365 | D:13     | Noticed Azrael
 32373 | D:13     | Found a portal to a secret trove of treasure.
 32384 | D:13     | Killed Azrael
 32645 | D:13     | Reached XP level 18. HP: 160/190 MP: 31/31
 32656 | D:13     | Reached skill level 24 in Fighting
 34922 | D:14     | Found a gate to the Vaults.
 35407 | D:14     | Identified the +6 plate armour of the Devil's Advocate
                  | {Will+}
 35412 | D:14     | Identified the +0 plate armour of Oxanwarch {rElec Str+2
                  | Dex-4}
 35516 | D:15     | Entered Level 15 of the Dungeon
 36060 | D:15     | Found a sparkling altar of Nemelex Xobeh.
 36168 | D:15     | Found a staircase to the Depths.
 36776 | Vaults:1 | Entered Level 1 of the Vaults
 37469 | Vaults:1 | Reached skill level 25 in Fighting
 38492 | Vaults:1 | Reached XP level 19. HP: 85/202 MP: 25/33
 38984 | Vaults:1 | HP: 5/202 [vault warden (27)]
 38984 | Vaults:1 | Demolished by a yaktaur captain

Illustrated notes

Levels and vault maps discovered:
D:1:      nicolae_arrival_washed_ashore, layout_basic
D:2:      layout_basic, shapermc_ecumenical_altar_venn, cheibrodos_gnoll_hut,
          uniq_sigmund
D:3:      layout_basic, chequers_garden, st_stairs_5, grunt_decor_junction
D:4:      layout_loops_ring, nicolae_vehumet_altar_sigil,
          minmay_temple_entry_waves, chequers_serial_rivers_micro_c,
          minmay_misc_feat_enclosed, minmay_shop_mayhem, uniq_menkaure,
          uniq_ijyb
D:5:      layout_rooms, hangedman_decor_growths, small_statue_intersection,
          hangedman_minor_gate_pass
D:6:      layout_rooms, mainiacjoe_overflow_concentric_impassable,
          mainiacjoe_overflow_catch_the_wave
D:7:      layout_basic, mainiacjoe_overflow_tiny_flanked,
          minmay_manual_macuahuitl, uniq_duvessa
D:8:      layout_loops_ring, uniq_maggie
D:9:      layout_roguey, erik_lair_island
D:10:     layout_rooms, mainiacjoe_overflow_boulevard, david_orc_1_choice,
          serial_glass, glass_columns_b, glass_columns_a, glass_columns_a,
          glass_columns_b, glass_columns_b, glass_columns_a, glass_columns_b,
          glass_columns_c, glass_columns_a, glass_columns_a, glass_columns_c,
          glass_columns_b, glass_columns_b, glass_columns_c, due_unseen_surprise
D:11:     layout_basic, serial_shops, nicolae_square_shop, st_stairs_8,
          minmay_misc_feat_five, minmay_misc_feat_cross, solitary_fountain,
          uniq_maurice
D:12:     layout_big_octagon, drop_trap
D:13:     hangedman_what_comes_after_a, layout_cave_pods,
          nicolae_trove_entry_crossroad, uniq_azrael
D:14:     minmay_the_grid_octo_triangle [minmay_the_grid_octo_concentric,
          minmay_the_grid_octo_prize_big_c,
          minmay_the_grid_octo_tetromino_candy], layout_irregular_city,
          grunt_vaults_entry_fortified, corexii_checkpoint_b
D:15:     grunt_enter_depths_snipers, layout_basic, nemelex_spade_bored_becter
Lair:1:   layout_cave_pods, uniq_fannar
Lair:2:   layout_regular_city, swamp_mist_pool, dummy_spider_entry
Lair:3:   layout_loops_ring, grunt_forest_small_clearings, st_stairs_12,
          uniq_sonja
Lair:4:   nzn_winding_woodlands_three_and_one
          [nzn_winding_woodlands_5x15_pockets, nzn_winding_woodlands_5x15_twine,
          nzn_winding_woodlands_5x15_lazy_stream,
          nzn_winding_woodlands_center_garden], layout_loops_ring,
          lemuel_centaur_altar
Lair:5:   layout_roguey, nicolae_lair_yak_garden
Lair:6:   grunt_lair_end_beastmaster, layout_small_grid,
          minmay_slime_entry_oklob_enclosed, lemuel_fruit_fields,
          serial_bayou_shore_a
Swamp:1:  layout_basic_swamp, evilmike_swamp_ruin_rubble_2, uniq_mlioglotl
Swamp:2:  layout_falls_marsh, evilmike_swamp_ruin_house_6
Swamp:3:  layout_falls_marsh, gammafunk_ghost_grave,
          evilmike_swamp_ruin_house_1, swamp_pool5, water_boxes_lemuel
Swamp:4:  swamp, layout_basic_swamp
Spider:1: layout_spider_delve
Spider:2: layout_spider_delve, uniq_louise
Spider:3: layout_spider_delve, einodemon_crawler_minivault, uniq_nikola,
          uniq_arachne
Spider:4: grunt_spider_rune_island, hangedman_spider_mandibles, uniq_roxanne
Orc:1:    layout_caves, ebering_ghost_xom, serial_shops, shop, uniq_harold
Orc:2:    grunt_orc_tribal_feast, layout_caves, uniq_erolcha
Vaults:1: v_misc_29, vaults_standard_mumra_x, vaults_mumra_chevron_long,
          st_greater_box_5, hangedman_vaults_impose, grunt_vaults_trifunnel,
          vaults_mumra_minichess_inversion, hangedman_vaults_stretched_pinwheel,
          ontoclasm_vaults_ring_square, nicolae_vaults_border_crossing,
          vaults_dpeg_spiral, nicolae_vaults_asterisk, layout_vaults_omnibox

Skill      XL: |  1  2  3  4  5  6  7  8  9 10 11 12 13 14 15 16 17 18 |
---------------+-------------------------------------------------------+-----
Axes           | 3 4 7 9 11 14 16 18 | 18.0
Shields        | 4 5 7 8 9 |  9.7
Fighting       | 6 13 17 19 20 21 22 23 25 | 25.2
Invocations    | 1 3 7 10 13 14 16 18 20 | 20.7
Armour         | 8 12 14 15 | 15.6
Evocations     | 4 5 7 8 |  8.0
Throwing       | 3 5 6 |  6.0
Dodging        | 1 4 5 |  5.0

Action                   |  1- 3 |  4- 6 |  7- 9 | 10-12 | 13-15 | 16-18 | 19-21 || total
-------------------------+-------+-------+-------+-------+-------+-------+-------++-------
Melee: War axe           |    73 |    97 |   284 |       |       |       |       ||   454
       Trident           |       |       |     1 |       |     1 |     2 |       ||     4
       Broad axe         |       |       |    19 |   275 |   600 |   829 |    11 ||  1734
       Scimitar          |       |       |       |     2 |    36 |       |       ||    38
       Staff             |       |       |       |       |     3 |       |       ||     3
Throw: Dart              |       |     5 |    12 |     7 |    70 |    26 |       ||   120
       Stone             |       |       |     6 |       |       |       |       ||     6
       Boomerang         |       |       |     2 |     1 |     2 |       |       ||     5
 Cast: Passwall          |       |       |       |       |     2 |       |       ||     2
Invok: Recall Undead Har |       |       |     1 |     1 |     3 |     9 |       ||    14
       Dark Bargain      |       |       |     2 |     1 |     2 |     4 |       ||     9
       Drain Life        |       |       |       |     1 |     7 |     6 |       ||    14
       Bind Soul         |       |       |       |       |     2 |     1 |       ||     3
Evoke: Wand              |       |       |       |     2 |     9 |     8 |       ||    19
       Box of beasts     |       |       |       |       |     2 |       |       ||     2
       Phantom mirror    |       |       |       |       |     2 |       |       ||     2
       Lightning rod     |       |       |       |       |       |     1 |       ||     1
  Use: Scroll            |       |     4 |     9 |     5 |    13 |     9 |       ||    40
       Potion            |       |     3 |     3 |     1 |     3 |     8 |       ||    18
 Stab: Distracted        |       |       |     3 |     1 |     3 |    17 |       ||    24
       Petrified         |       |       |       |       |    13 |       |       ||    13
       Held in net/web   |       |       |       |       |     1 |       |       ||     1
Armor: Scale mail        |    27 |    43 |    97 |    16 |       |       |       ||   183
       Ring mail         |       |       |       |    82 |   267 |   433 |     4 ||   786
Dodge: Dodged            |    29 |    41 |    87 |    88 |   312 |   372 |     1 ||   930
Block: Buckler           |    13 |    14 |    35 |    44 |    92 |   145 |       ||   343
       Kite shield       |       |       |       |       |       |    67 |     4 ||    71

Table legend: (Time is in decaauts)
 A = Elapsed time spent in this place.
 B = Non-inter-level travel time spent in this place.
 C = Inter-level travel time spent in this place.
 D = Time resting spent in this place.
 E = Time spent auto-exploring this place.
 F = Levels seen in this place.
 G = Mean time per level.
                   A        B        C        D        E       F      G
               +--------+--------+--------+--------+--------+-----+--------+
         Total |  38592 |  35890 |   2702 |  13039 |  14387 |  32 | 1206.0 |
       Dungeon |  16314 |  14704 |   1610 |   3548 |   7380 |  15 | 1087.6 |
          Lair |   7683 |   7170 |    513 |   2182 |   3530 |   6 | 1280.5 |
         Swamp |   4410 |   4322 |     88 |   2385 |   1029 |   4 | 1102.5 |
   Spider Nest |   5220 |   5061 |    159 |   2185 |   1535 |   4 | 1305.0 |
  Orcish Mines |   2778 |   2513 |    265 |   1248 |    631 |   2 | 1389.0 |
        Vaults |   2185 |   2120 |     65 |   1491 |    282 |   1 | 2185.0 |
               +--------+--------+--------+--------+--------+-----+--------+

Top non-repeatable levels by time:
Vaults:1: 2185 daAuts
Spider:4: 2080 daAuts
  Lair:6: 1809 daAuts
    D:13: 1647 daAuts
   Orc:2: 1566 daAuts
    D:14: 1555 daAuts
     D:2: 1490 daAuts
Spider:3: 1482 daAuts
  Lair:2: 1436 daAuts
 Swamp:4: 1339 daAuts
  Lair:1: 1283 daAuts
     D:1: 1277 daAuts
 Swamp:3: 1227 daAuts
    D:15: 1226 daAuts
  Lair:4: 1222 daAuts
